Map: Apotheosis LE

Players

ROOMMAA

  • Race: Zerg Zerg
  • League: Platinum
  • Spawn Location: 5:00

Fropez - Winner!

  • Race: Protoss Protoss
  • League: Gold
  • Spawn Location: 11:00

VOD

Have the link to the VOD?

Description

Time

  • Played on: Nov. 10, 2016, 3:34 p.m.
  • Length: 6:28
Show
View Real Time Build Order
Export as new Build Order

ROOMMAA Zerg 

Build Orders: Pool First 

Get SALT Encoding   

  12  0:04  Drone  
  13  0:20  Overlord  
  13  0:24  Drone  
  14  0:38  Drone  
  14  0:41  Drone  
  16  0:48  Drone  
  17  0:56  Drone  
  18  1:00  Spawning Pool  
  17  1:05  Drone  
  18  1:13  Extractor  
  17  1:25  Drone  
  18  1:35  Drone  
  19  1:45  Drone  
  20  1:57  Baneling Nest  
  20  2:00  Extractor, Queen  
  20  2:02  Drone x2, Hatchery  
  21  2:11  Drone  
  22  2:34  Overlord x2  
  22  2:37  Metabolic Boost  
  22  2:45  Evolution Chamber  
  22  2:46  Drone  
  22  3:13  Zergling x8  
  22  3:14  Zergling x2  
  22  3:16  Lair  
  22  3:19  Pneumatized Carapace  
  27  3:24  Zergling x4  
  29  3:44  Overlord  
  29  4:16  Drone  
  29  4:17  Drone x8  
  38  4:51  Baneling x2  
  38  4:52  Baneling x5  
  31  5:15  Drone x6  
  37  5:24  Hatchery  
  37  5:25  Queen  
  38  5:30  Spine Crawler  
  38  5:31  Spine Crawler x2  
  38  5:35  Zergling x4  
  33  5:57  Zergling x8  
Show
View Real Time Build Order
Export as new Build Order

Fropez Protoss - Winner!

Build Orders: 1 Gate Expand 

Get SALT Encoding   

  12  0:01  Probe (Chrono Boost)  
  13  0:13  Probe (Chrono Boost)  
  14  0:28  Pylon, Probe (Chrono Boost)  
  15  0:36  Assimilator  
  15  0:46  Probe (Chrono Boost)  
  16  0:52  Pylon  
  16  0:54  Gateway  
  16  0:56  Probe (Chrono Boost)  
  17  1:07  Probe (Chrono Boost)  
  19  1:23  Probe (Chrono Boost)  
  19  1:41  Nexus  
  19  1:45  Cybernetics Core  
  19  1:48  Assimilator  
  19  1:49  Probe (Chrono Boost)  
  20  2:18  Gateway  
  20  2:19  Gateway  
  20  2:20  Assimilator  
  22  2:23  Mothership Core (Chrono Boost)  
  22  2:29  Pylon  
  22  2:41  Probe (Chrono Boost)  
  23  2:45  Warp Gate (Chrono Boost)  
  23  2:46  Stalker  
  25  2:52  Probe (Chrono Boost)  
  25  2:54  Probe (Chrono Boost)  
  27  3:10  Stalker  
  27  3:12  Stalker  
  32  3:20  Probe (Chrono Boost)  
  32  3:21  Probe (Chrono Boost)  
  33  3:27  Gateway  
  33  3:35  Probe  
  33  3:39  Adept  
  33  3:40  Adept  
  38  3:45  Probe  
  39  3:49  Probe  
  40  3:55  Probe  
  41  4:05  Probe  
  42  4:20  Twilight Council  
  42  4:21  Probe  
  42  4:22  Probe  
  44  4:24  Pylon  
  44  4:30  Pylon  
  44  4:32  Probe  
  45  4:38  Probe  
  45  4:42  Probe  
  47  4:49  Adept x3  
  47  4:50  Adept, Probe  
  54  5:13  Probe  
  52  5:14  Probe  
  52  5:16  Adept x4  
  62  5:22  Assimilator  
  62  5:23  Probe  
  62  5:26  Probe  
  64  5:42  Adept x3  
  70  6:03  Probe  
  70  6:04  Probe  
  70  6:10  Forge  
  68  6:13  Probe, Gateway  
  70  6:19  Gateway  
  70  6:25  Pylon  
  70  6:28  Pylon  
Tags
 
Add a new tag
Caveats
  • Supply blocks, unpowered buildings, or Contaminate may cause inaccurate times.
  • Supply counts are checked every 10 seconds.